 Dungeon Crawl Stone Soup version 0.31-a0-232-gb1c03b2570 (webtiles) character file.

Game seed: 7727430100529884321

98 qw the Shooter (level 4, 0/26 HPs)
             Began as a Gargoyle Hexslinger on July 7, 2023.
             Slain by an orc wizard
             ... wielding a +0 dagger
              (4 damage)
             ... on level 2 of the Dungeon.
             The game lasted 00:00:42 (1864 turns).

qw the Shooter (Gargoyle Hexslinger)                Turns: 1864, Time: 00:00:42

Health: 0/26       AC: 11    Str: 11    XL:     4   Next: 71%
Magic:  5/5        EV: 10    Int: 14    God:
Gold:   141        SH:  0    Dex: 14    Spells: 4/5 levels left

rFire   . . .        Y - +1 sling
rCold   . . .        (no shield)
rNeg    + . .        e - +0 ring mail
rPois   inf          i - +0 helmet
rElec   +            j - +0 cloak
rCorr   .            (no gloves)
SInv    .            (no boots)
Will    .....        (no amulet)
Stlth   +            (no ring)
HPRegen 0.24/turn    (no ring)
MPRegen 0.09/turn

%: no passive effects
@: no status effects
A: sickness immunity, AC +3, negative energy resistance 1, electricity
resistance, torment resistance 1, petrification resistance
a: no special abilities


You were on level 2 of the Dungeon.
You visited 1 branch of the dungeon, and saw 3 of its levels.

You collected 141 gold pieces.


Innate Abilities, Weirdness & Mutations

You are immune to sickness and miasma.
Your stone body is resilient. (AC +3)
You are immune to poison.
You resist negative energy. (rN+)
You are resistant to electric shocks. (rElec)
You are resistant to unholy torment.
You are immune to petrification.


   Skills:
 - Level 2.0 Fighting
 + Level 4.0 Ranged Weapons
 - Level 1.6 Armour
 - Level 1.5 Dodging
 - Level 1.0 Spellcasting
 - Level 2.6 Hexes


You had 4 spell levels left.
You knew the following spells:

 Your Spells              Type           Power      Damage    Failure   Level
a - Slow                  Hex            32%        N/A       21%         1

Your spell library contained the following spells:

 Spells                   Type           Power      Damage    Failure   Level
 Inner Flame              Hex/Fire       4%         N/A       71%         3
 Portal Projectile        Hex/Tloc       8%         N/A       71%         3
 Cause Fear               Hex            4%         N/A       90%         4

Inventory:

Hand Weapons
 Y - a +1 sling (weapon)
Armour
 e - a +0 ring mail (worn)
 i - a +0 helmet (worn)
 j - a +0 cloak (worn)
Scrolls
 h - a scroll of identify
Potions
 a - a potion of might
 b - a potion of haste {unknown}
 c - a potion of curing {unknown}
 d - a potion of berserk rage {unknown}
 g - a potion of degeneration {unknown}

Dungeon Overview and Level Annotations

Branches:
Dungeon (3/15)

Altars:


Message History

Something hits you but does no damage. x2
You shoot a sling bullet. Something hits you.
1852 ||| STAIRDANCE Something hits you but does no damage.
You climb upwards.
Reactivating autopickup.
There is a stone staircase leading down here.
You start resting.
You hear some strange, mumbled words.
A puff of flame appears from out of thin air!
Deactivating autopickup; reactivate with Ctrl-A.
The puff of flame hits you.
You shoot a sling bullet. Something hits you but does no damage.
You shoot a sling bullet. Something completely misses you.
Something hits you but does no damage.
You shoot a sling bullet.
You hear some strange, mumbled words.
A puff of flame appears from out of thin air!
The puff of flame hits you.
You shoot a sling bullet. Something hits you but does no damage.
You shoot a sling bullet.
Something hits you but does no damage. x2
You shoot a sling bullet. Something hits you but does no damage.
You shoot a sling bullet. Something hits you but does no damage.
You shoot a sling bullet.
You hear some strange, mumbled words.
A puff of flame appears from out of thin air!
The puff of flame hits you! Something hits you but does no damage.
You shoot a sling bullet.
You hear some strange, mumbled words.
A magic dart appears from out of thin air!
The magic dart hits you!
You shoot a sling bullet. Something hits you.
You die...

####<##.####
..........#
###...###.#
#.....##.#########
##...###.........#
##.## #########>#
#.# #.# #.# ####[#
##'## #.{@)#
##...## #.####
##.....## #.#
#.......## ##.##
.........####...##
.........'.......#
>.....)..####...##
#.......##
###.#####
##.....##
##.......#


There were no monsters in sight!

Vanquished Creatures
  An orc priest (D:2)
  2 adders (D:2)
  2 worms (D:2)
  A dart slug (D:2)
  2 orcs (D:2)
  A ball python (D:2)
  4 endoplasms
  9 giant cockroaches
  2 goblins (D:2)
  3 hobgoblins
  6 kobolds
  2 bats
  3 frilled lizards
  2 rats
40 creatures vanquished.

Notes
Turn   | Place    | Note
-------+----------+-------------------------------------------
     0 | D:1      | qw the Gargoyle Hexslinger began the quest for the Orb.
     0 | D:1      | Reached XP level 1. HP: 12/12 MP: 2/2
     0 | D:1      | 0 ||| qw: Version: 0.3-a-46-gb1f654a
     0 | D:1      | 0 ||| qw: Game counter: 2380
     0 | D:1      | 0 ||| qw: Melee chars always use a shield: true
     0 | D:1      | 0 ||| qw: God list: Okawaru
     0 | D:1      | 0 ||| qw: Allow faded altars: false
     0 | D:1      | 0 ||| qw: Do Orc after clearing Dungeon:15 true
     0 | D:1      | 0 ||| qw: Do second Lair branch before Depths: true
     0 | D:1      | 0 ||| qw: Lair rune preference: random
     0 | D:1      | 0 ||| qw: Goals: Normal
     0 | D:1      | 0 ||| PLANNING D:1-11
   176 | D:1      | Found a faded altar of an unknown god.
   244 | D:1      | Reached XP level 2. HP: 16/16 MP: 3/3
   454 | D:1      | Reached skill level 3 in Ranged Weapons
   635 | D:1      | 635 ||| UPGRADING to +0 ring mail.
   645 | D:1      | 645 ||| DROPPING +0 robe.
   646 | D:1      | 646 ||| DROPPING ring of wizardry.
   647 | D:1      | 647 ||| READING scroll labelled NAEJYVV WUORHO.
   657 | D:1      | 657 ||| READING scroll labelled BAWOM TET.
   658 | D:1      | 658 ||| DROPPING scroll of poison.
   847 | D:2      | Reached XP level 3. HP: 21/21 MP: 4/4
  1409 | D:2      | Reached XP level 4. HP: 26/26 MP: 5/5
  1427 | D:2      | Reached skill level 4 in Ranged Weapons
  1662 | D:2      | 1662 ||| UPGRADING to +0 helmet.
  1667 | D:2      | 1667 ||| UPGRADING to +0 cloak.
  1672 | D:2      | 1672 ||| DROPPING scarf of harm.
  1673 | D:2      | 1673 ||| READING scroll labelled KIOM WESSUSIWK.
  1674 | D:2      | 1674 ||| READING 2 scrolls of identify.
  1674 | D:2      | 1674 ||| IDENTIFYING amethyst potion
  1729 | D:3      | 1729 ||| STAIRDANCE
  1736 | D:2      | Reached skill level 1 in Armour
  1806 | D:3      | 1806 ||| STAIRDANCE
  1852 | D:3      | 1852 ||| STAIRDANCE
  1863 | D:2      | HP: 3/26 [something/magic dart (9)]
  1864 | D:2      | Slain by an orc wizard

Levels and vault maps discovered:
D:1:      amcnicky_arrival_wind_blow, layout_basic,
          ebering_ecumenical_altar_rust, minmay_worlds_worst_comb
D:2:      minmay_kobold_bridge, layout_loops_corners, minmay_hexomino_u4
D:3:      layout_loops_ring, mainiacjoe_overflow_boulevard,
          mainiacjoe_overflow_alcove_1

Skill      XL: |  1  2  3  4 |
---------------+-------------+-----
Ranged Weapons | 3 4 |  4.0
Fighting       | 2 |  2.0
Armour         | 1 |  1.6
Dodging        | |  1.5
Spellcasting   | |  1.0
Hexes          | |  2.6

Action                     |  1- 3 |  4- 6 || total
---------------------------+-------+-------++-------
   Fire: Sling             |   129 |    39 ||   168
    Use: Scroll            |     2 |     2 ||     4
 Armour: Robe              |     6 |       ||     6
         Ring mail         |    30 |    21 ||    51
  Dodge: Dodged            |    39 |    13 ||    52

Table legend:
 A = Non-vault XP
 B = Vault XP
 C = Vault XP percentage of total XP
 D = Non-vault monster count
 E = Vault monster count
 F = Vault count percentage of total count
                 A         B        C        D         E       F
            +---------+---------+-------+---------+---------+-------
      Total |     115 |      26 |  18.4 |      29 |      11 |  27.5
            +---------+---------+-------+---------+---------+-------
        D:1 |      12 |      10 |  45.5 |       8 |       5 |  38.5
        D:2 |     101 |      16 |  13.7 |      20 |       6 |  23.1
        D:3 |       2 |       0 |   0.0 |       1 |       0 |   0.0
            +---------+---------+-------+---------+---------+-------
